 Dungeon Crawl Stone Soup version 0.31-a0-626-g8143ab4 (webtiles) character file.

Game seed: 5231449777342221742

581 Nithhogg the Ruffian (level 7, -1/47 HPs)
             Began as an Octopode Shapeshifter on Aug 24, 2023.
             Killed from afar by an orc wizard (4 damage)
             ... with a magic dart
             ... on level 4 of the Dungeon.
             The game lasted 00:05:38 (2781 turns).

Nithhogg the Ruffian (Octopode Shapeshifter)        Turns: 2781, Time: 00:05:38

Health: -1/47      AC:  1    Str: 20    XL:     7   Next: 36%
Magic:  16/16      EV: 14    Int: 10    God:
Gold:   147        SH:  0    Dex: 13    Spells: 6/6 levels left

rFire   . . .        i - +1 dagger (speed)
rCold   . . .        (no shield)
rNeg    . . .        (helmet currently unavailable)
rPois   .            (no amulet)
rElec   .            d - ring of Ceuroshru {MP+9 Str+4}
rCorr   .            (no ring)
SInv    .            (no ring)
Will    .....        (no ring)
Stlth   ++           (no ring)
HPRegen 0.27/turn    (no ring)
MPRegen 0.15/turn    (no ring)
                     (no ring)

%: no passive effects
@: beast-form
A: beast (slay +2), almost no armour, amphibious, 8 rings, camouflage 1,
gelatinous body 1, (nimble swimmer 1), tentacles
a: Begin Untransformation


You were on level 4 of the Dungeon.
You were a hulking beast.
You visited 1 branch of the dungeon, and saw 4 of its levels.

You collected 147 gold pieces.

Inventory:

Hand Weapons
 i - a +1 dagger of speed (weapon)
Missiles
 p - a throwing net
Jewellery
 d - the ring of Ceuroshru (left tentacle) {MP+9 Str+4}
   (You acquired it on level 1 of the Dungeon)

   [ring of magical power]

   Str+4:     It affects your strength (+4).
   MP+9:      It affects your magic capacity (+9).
Talismans
 b - a beast talisman (active)
 c - a flux talisman
Scrolls
 e - a scroll of identify
 f - a scroll of enchant armour
 h - a scroll of fear {unknown}
 j - a scroll of fog {unknown}
 l - a scroll of revelation {unknown}
 o - a scroll of brand weapon {unknown}
Potions
 a - 2 potions of lignification
 g - a potion of resistance {unknown}
 k - a potion of haste {unknown}
 m - a potion of heal wounds {unknown}
 n - a potion of enlightenment {unknown}


   Skills:
 + Level 3.8 Fighting
 + Level 4.2 Dodging
 + Level 4.8 Unarmed Combat
 + Level 4.5 Shapeshifting


You had 6 spell levels left.
You didn't know any spells.
Your spell library contained the following spells:

 Spells                   Type           Power      Damage    Failure   Level
 Freeze                   Ice            0%         1d3       36%         1
 Sting                    Tmut/Pois      0%         1d3       36%         1
 Sublimation of Blood     Necr           0%         N/A       50%         2
 Frozen Ramparts          Ice            0%         1d1       75%         3
 Hailstorm                Conj/Ice       0%         3d3       75%         3
 Stone Arrow              Conj/Erth      0%         3d7       75%         3
 Animate Dead             Necr           0%         N/A       98%         4
 Petrify                  Tmut/Erth      0%         N/A       98%         4
 Alistair's Intoxication  Tmut/Pois      0%         N/A       100%        5
 Borgnjor's Vile Clutch   Necr/Erth      0%         N/A       100%        5
 Irradiate                Conj/Tmut      0%         3d11      100%        5
 Death Channel            Necr           0%         N/A       100%        6
 Eringya's Noxious Bog    Tmut/Pois      0%         4d6       100%        6


Dungeon Overview and Level Annotations

Branches:
Dungeon (4/15)
 Temple: D:4-7

Altars:
Nemelex Xobeh
Zin

Annotations:
D:3 2 transporters, lunatic's ghost, amateur TeSu


Innate Abilities, Weirdness & Mutations

You are a hulking beast.
Your limbs bulge with bestial killing power. (Slay +2)
You cannot wear most types of armour.
You are amphibious.
You can wear up to eight rings at the same time.
Your skin changes colour to match your surroundings (Stealth+).
Your rubbery body absorbs attacks. (AC +1, EV +1)
((You are camouflaged when in or above water. (Stealth+)))
You have tentacles for arms and can constrict up to eight enemies at once.


Message History

You barely miss the giant cockroach. Your grab misses the giant cockroach.
The giant cockroach misses you. Something hits you.
You hit the giant cockroach. You grab the giant cockroach.
The giant cockroach is severely wounded.
You constrict the giant cockroach, but do no damage.
The giant cockroach barely misses you.
You hear some strange, mumbled words.
A puff of flame appears from out of thin air!
The puff of flame hits you!
You are too injured to fight recklessly!
You are too injured to fight recklessly!
You are too injured to fight recklessly!
You are too injured to fight recklessly!
You are too injured to fight recklessly!
You are too injured to fight recklessly!
You are too injured to fight recklessly!
You are too injured to fight recklessly!
You are too injured to fight recklessly!
You are too injured to fight recklessly!
You are too injured to fight recklessly!
You are too injured to fight recklessly!
You are too injured to fight recklessly!
You hit something. Your squeeze misses something.
You constrict the giant cockroach.
You kill the giant cockroach!
You hit something. Something hits you.
* * * LOW HITPOINT WARNING * * *
You hit something but do no damage. Something hits you.
* * * LOW HITPOINT WARNING * * *
You completely miss something. Your squeeze misses something.
You barely miss something.
You hear some strange, mumbled words.
A puff of flame appears from out of thin air!
The puff of flame hits you!
* * * LOW HITPOINT WARNING * * *
You hit something. You squeeze something.
You hear some strange, mumbled words.
A magic dart appears from out of thin air!
The magic dart hits you.
You die...

#.#.##.#
.# .# #
#.#..# #
..
#.##.#.#
#. #.
#.#.# ..
#.##...##
#...:...#
#.......#
#.>.....#
#)h†....#
#){.....#
#.###.#...
#. .####.
#. .. ##
.. #!


There were no monsters in sight!

Vanquished Creatures
  Sigmund (D:2)
  2 scorpions
  2 orc priests
  A jelly (D:3)
  An orc wizard (D:3)
  Natasha (D:2)
  3 gnolls (D:4)
  5 adders
  A worm (D:3)
  3 dart slugs
  7 orcs
  2 bats
  15 endoplasms
  2 giant cockroaches
  7 goblins
  6 hobgoblins
  3 quokkas
  5 ball pythons
  2 frilled lizards (D:3)
  7 kobolds
  9 rats
85 creatures vanquished.

Notes
Turn   | Place    | Note
-------+----------+-------------------------------------------
     0 | D:1      | Nithhogg the Octopode Shapeshifter began the quest for the
                  | Orb.
     0 | D:1      | Reached XP level 1. HP: 13/13 MP: 1/1
    59 | D:1      | Got the Guide on Rocky Forms
    82 | D:1      | Reached XP level 2. HP: 12/18 MP: 2/2
   403 | D:1      | Identified a scroll of acquirement
   403 | D:1      | Acquired the ring of Ceuroshru {MP+9 Str+4}
   536 | D:1      | Reached XP level 3. HP: 23/23 MP: 3/3
   927 | D:2      | Found a sparkling altar of Nemelex Xobeh.
  1234 | D:2      | Found a faded altar of an unknown god.
  1254 | D:2      | Noticed Sigmund
  1260 | D:2      | Killed Sigmund
  1261 | D:2      | Reached XP level 4. HP: 30/30 MP: 4/4
  1261 | D:2      | Reached XP level 5. HP: 35/35 MP: 5/5
  1307 | D:2      | Noticed Natasha
  1316 | D:2      | Reached XP level 6. HP: 35/41 MP: 6/6
  1319 | D:2      | Killed Natasha
  1801 | D:3      | Found a transporter.
  1803 | D:3      | Found a transporter.
  1805 | D:3      | Noticed lunatic's ghost (amateur TeSu)
  1908 | D:3      | Found a glowing silver altar of Zin.
  2281 | D:3      | Reached XP level 7. HP: 37/46 MP: 7/7
  2780 | D:4      | HP: 2/47 [something/puff of flame (8)]
  2781 | D:4      | Killed from afar by an orc wizard

Illustrated notes

Levels and vault maps discovered:
D:1:      mrwooster_arrival_arrow, layout_basic, st_stairs_13, nrook_uturn
D:2:      layout_loops_ring, basic_altar,
          shapermc_ecumenical_altar_mp_ritualfount, serial_rivers,
          chequers_serial_rivers_micro_b, chequers_serial_rivers_micro_b,
          chequers_serial_rivers_micro_b, chequers_serial_rivers_room_b,
          uniq_natasha, uniq_sigmund
D:3:      layout_basic, zin_academy, gammafunk_ghost_smash
D:4:      layout_rooms, uniq_crazy_yiuf_cottage

Skill      XL: |  1  2  3  4  5  6 |
---------------+-------------------+-----
Fighting       | 2 3 |  3.8
Dodging        | 3 4 |  4.2
Unarmed Combat | 4 |  4.8
Shapeshifting  | 4 |  4.5

Action                     |  1- 3 |  4- 6 |  7- 9 || total
---------------------------+-------+-------+-------++-------
  Melee: Unarmed           |    30 |       |       ||    30
         Constrict         |    17 |    19 |     9 ||    45
         Tentacles         |    13 |    22 |     7 ||    42
         Dagger            |    43 |    66 |    40 ||   149
         Punch             |     1 |     7 |     1 ||     9
Ability: Begin Untransform |     1 |       |       ||     1
    Use: Scroll            |     3 |       |       ||     3
   Stab: Sleeping          |     9 |     5 |     1 ||    15
         Distracted        |     1 |       |       ||     1
 Armour: Skin              |     1 |     4 |       ||     5
  Dodge: Dodged            |    28 |    30 |    17 ||    75
   Form: Beast             |     1 |       |       ||     1

Table legend: (Time is in decaauts)
 A = Elapsed time spent in this place.
 B = Non-inter-level travel time spent in this place.
 C = Inter-level travel time spent in this place.
 D = Time resting spent in this place.
 E = Time spent auto-exploring this place.
 F = Levels seen in this place.
 G = Mean time per level.
                   A        B        C        D        E       F      G
               +--------+--------+--------+--------+--------+-----+--------+
         Total |   2727 |   2631 |     96 |      0 |   2146 |   4 |  681.8 |
       Dungeon |   2727 |   2631 |     96 |      0 |   2146 |   4 |  681.8 |
               +--------+--------+--------+--------+--------+-----+--------+

Top non-repeatable levels by time:
     D:3: 921 daAuts
     D:1: 878 daAuts
     D:2: 760 daAuts
     D:4: 167 daAuts
